 Dungeon Crawl Stone Soup version 0.29-a0-322-g68df515428 (webtiles) character file.

Game seed: 18340941249314754766

28 sammy202020 the Skirmisher (level 3, -1/43 HPs)
             Began as a Demonspawn Berserker on Apr 5, 2022.
             Was a Follower of Trog.
             Slain by a hobgoblin (3 damage)
             ... on level 2 of the Dungeon.
             The game lasted 00:01:21 (1629 turns).

sammy202020 the Skirmisher (Demonspawn Berserker)   Turns: 1629, Time: 00:01:23

Health: -1/43      AC:  8    Str: 17    XL:     3   Next: 0%
Magic:  3/3        EV:  7    Int: 10    God:    Trog [*.....]
Gold:   68         SH:  0    Dex: 12    Spells: 2/2 levels left

rFire   . . .      SeeInvis .   a - +0 hand axe
rCold   . . .      Faith    .   (no shield)
rNeg    . . .      Spirit   .   i - +0 chain mail
rPois   .          Reflect  .   (no helmet)
rElec   .          Harm     .   (no cloak)
rCorr   .          Rampage  .   (no gloves)
Will    .....                   (no boots)
Stlth   ..........              (no amulet)
HPRegen 0.14/turn               (no ring)
MPRegen 0.16/turn               (no ring)

@: berserking, very quick
A: magic regeneration, weakness stinger 1
a: Renounce Religion, Berserk


You were on level 2 of the Dungeon.
You worshipped Trog.
Trog was aware of your devotion.
You visited 1 branch of the dungeon, and saw 2 of its levels.

You collected 68 gold pieces.

Inventory:

Hand Weapons
 a - a +0 hand axe (weapon)
Armour
 i - a +0 chain mail (worn)
Scrolls
 b - a scroll of fear {unknown}
 c - a scroll of enchant weapon {unknown}
 d - a scroll of acquirement {unknown}
 e - 3 scrolls of identify {unknown}
 f - 3 scrolls of immolation {unknown}
 h - a scroll of teleportation {unknown}
Potions
 g - a potion of brilliance {unknown}


   Skills:
 * Level 3.5 Fighting
 * Level 3.2 Axes
 + Level 2.1 Armour
 - Level 1.7 Dodging


You had 2 spell levels left.
You didn't know any spells.
Your spell library was empty.

Dungeon Overview and Level Annotations

Branches:
Dungeon (2/15)

Altars:


Innate Abilities, Weirdness & Mutations

You regenerate magic rapidly.
You have a small tail.


Message History

The kobold hits you with a +2 flail of protection.
You barely miss the kobold.
Your tail-slap misses the kobold.
The kobold closely misses you.
You hit the hobgoblin but do no damage. You hit the kobold but do no damage.
The kobold hits you with a +2 flail of protection!
The hobgoblin hits you but does no damage.
You barely miss the hobgoblin. You miss the kobold.
The hobgoblin hits you but does no damage.
The kobold hits you with a +2 flail of protection!
You are too injured to fight recklessly!
You are too injured to fight recklessly!
You are too injured to fight recklessly!
You are too injured to fight recklessly!
You are too injured to fight recklessly!
You are too injured to fight recklessly!
You are too injured to fight recklessly!
You are too injured to fight recklessly!
You are too injured to fight recklessly!
You are too injured to fight recklessly!
You are too injured to fight recklessly!
You are too injured to fight recklessly!
You are too injured to fight recklessly!
Unknown command.
You closely miss the kobold. You hit the hobgoblin but do no damage.
The kobold hits you with a +2 flail of protection.
* * * LOW HITPOINT WARNING * * *
The hobgoblin hits you but does no damage.
A red film seems to cover your vision as you go berserk!
You feel yourself moving faster!
You feel mighty!
The kobold hits you with a +2 flail of protection!
* * * LOW HITPOINT WARNING * * *
The hobgoblin hits you.
* * * LOW HITPOINT WARNING * * *
You hit the hobgoblin.
The hobgoblin is severely wounded.
You hit the kobold.
You kill the kobold!
Trog accepts your kill. The hobgoblin hits you.
You die...

#.. ..# .... ##.. .
#.# .... #... .. .
#.##.. .>..####...
.....##....
........... ....
...#.# ##.#####...
.....##...#
#.#...'...
......g.#.##
#...###...
.....>)@...######.#
#...
........##.....##.#
#...
######..###....##.#
####
#.........##.####
#.###......#....#
#. #......####.# #
.. #......####.# #
## #...........# #
#.##.#.######..


You could see a hobgoblin.

Vanquished Creatures
  A worm (D:2)
  A dart slug (D:1)
  4 ball pythons (D:2)
  2 endoplasms
  A giant cockroach (D:1)
  2 goblins (D:1)
  2 hobgoblins
  A quokka (D:1)
  3 frilled lizards
  3 kobolds
  3 rats (D:1)
23 creatures vanquished.

Notes
Turn   | Place    | Note
-------+----------+-------------------------------------------
     0 | D:1      | sammy202020 the Demonspawn Berserker began the quest for
                  | the Orb.
     0 | D:1      | Reached XP level 1. HP: 18/18 MP: 1/1
   577 | D:1      | Discovered your monstrous ancestry.
   577 | D:1      | Gained mutation: You have a small tail. [demonic ancestry]
   577 | D:1      | Reached XP level 2. HP: 17/24 MP: 2/2
  1513 | D:2      | Gained mutation: You regenerate magic rapidly. [demonic
                  | ancestry]
  1513 | D:2      | Reached XP level 3. HP: 27/29 MP: 3/3
  1628 | D:2      | HP: 2/43 [hobgoblin (4)]
  1629 | D:2      | Slain by a hobgoblin

Illustrated notes

Levels and vault maps discovered:
D:1:      lightli_arrival_maybe_door_vault, layout_basic, minmay_misc_feat_tower
D:2:      layout_basic, kennysheep_generic_room_11

Skill      XL: |  1  2 |
---------------+-------+-----
Axes           | 3 |  3.2
Armour         | 2 |  2.1
Fighting       | |  3.5
Dodging        | |  1.7

Action                   || total
-------------------------++-------
Melee: Hand axe          ||    56
       Tailslap          ||     7
Invok: Berserk           ||     2
Armor: Animal skin       ||     2
       Chain mail        ||     8
Dodge: Dodged            ||    28

Table legend: (Time is in decaauts)
 A = Elapsed time spent in this place.
 B = Non-inter-level travel time spent in this place.
 C = Inter-level travel time spent in this place.
 D = Time resting spent in this place.
 E = Time spent auto-exploring this place.
 F = Levels seen in this place.
 G = Mean time per level.
                   A        B        C        D        E       F      G
               +--------+--------+--------+--------+--------+-----+--------+
         Total |   1645 |   1621 |     24 |    253 |   1180 |   2 |  822.5 |
       Dungeon |   1645 |   1621 |     24 |    253 |   1180 |   2 |  822.5 |
               +--------+--------+--------+--------+--------+-----+--------+

Top non-repeatable levels by time:
     D:1: 1191 daAuts
     D:2: 454 daAuts
